 Dungeon Crawl Stone Soup version 0.23.2-1-ga50397a (webtiles) character file.

Game seed: 999288369586388431

2585 IBeShadow the Arsonist (level 9, -19/52 HPs)
             Began as a Deep Elf Fire Elementalist on May 31, 2019.
             Was an Initiate of Gozag.
             Demolished by a two-headed ogre
             ... wielding a +0 giant club
              (21 damage)
             ... on level 8 of the Dungeon.
             The game lasted 00:19:56 (9957 turns).

IBeShadow the Arsonist (Deep Elf Fire Elementalist) Turns: 9957, Time: 00:19:57

Health: -19/52     AC:  4    Str:  5    XL:     9   Next: 32%
Magic:  5/18       EV: 13    Int: 24    God:    Gozag
Gold:   572        SH:  0    Dex: 15    Spells: 2/17 levels left

rFire    . . .     SeeInvis .   B - +1 dagger (elec)
rCold    . . .     Gourm    .   (no shield)
rNeg     + . .     Faith    .   v - +0 robe {rN+}
rPois    .         Spirit   .   o - +0 helmet
rElec    .         Reflect  .   (no cloak)
rCorr    .         Harm     .   A - +0 pair of gloves
MR       .....                  (no boots)
Stlth    +++++.....             x - amulet of rage
HPRegen  0.17/turn              b - ring of stealth
MPRegen  0.16/turn              i - ring of stealth

@: gold aura
A: no striking features
a: Potion Petition, Call Merchant, Bribe Branch, Renounce Religion, Evoke
Berserk Rage


You were on level 8 of the Dungeon.
You worshipped Gozag.
Gozag was pleased with you.
You were hungry.

You visited 2 branches of the dungeon, and saw 9 of its levels.

You collected 704 gold pieces.
You spent 70 gold pieces at shops.
You paid 62 gold pieces to Gozag.

Inventory:

Hand Weapons
 B - a +1 dagger of electrocution (weapon)
Armour
 o - a +0 helmet (worn)
 v - a +0 robe of positive energy (worn)
 A - a +0 pair of gloves (worn)
Jewellery
 b - a ring of stealth (left hand)
 i - a ring of stealth (right hand)
 x - an amulet of rage (around neck)
 D - an uncursed ring of protection from magic {unknown}
Wands
 f - a wand of acid (6)
 C - a wand of random effects (3)
Scrolls
 a - 2 scrolls of enchant armour
 e - 2 scrolls of identify
 g - 4 scrolls of fear
 h - 9 scrolls of remove curse
 j - 3 scrolls of enchant weapon
 q - 2 scrolls of magic mapping
 t - 3 scrolls of amnesia
 u - a scroll of teleportation {unknown}
 y - a scroll of holy word {unknown}
Potions
 d - 3 potions of degeneration
 k - 6 potions of curing
 l - a potion of lignification
 m - 2 potions of cancellation
 n - 2 potions of mutation
 p - a potion of might
 r - a potion of berserk rage
 s - 2 potions of heal wounds
 w - a potion of brilliance {unknown}
 z - a potion of flight {unknown}
Comestibles
 c - 8 rations


   Skills:
 + Level 3.7 Fighting
 + Level 1.1 Short Blades
 - Level 2.6 Dodging
 + Level 6.7 Stealth
 + Level 4.8 Spellcasting
 * Level 7.7 Conjurations
 * Level 8.8 Fire Magic


You had 2 spell levels left.
You knew the following spells:

 Your Spells              Type           Power        Failure   Level  Hunger
a - Flame Tongue          Conj/Fire      #####        1%          1    None
b - Throw Flame           Conj/Fire      #####.       1%          2    None
c - Conjure Flame         Conj/Fire      #####...     1%          3    ##.....
d - Sticky Flame          Conj/Fire      #####...     3%          4    ####...
e - Fireball              Conj/Fire      #####.....   9%          5    #####..

Your spell library contained the following spells:

 Spells                   Type           Power        Failure   Level  Hunger
 Magic Dart               Conj           ####         1%          1    None
 Animate Skeleton         Necr           N/A          9%          1    None
 Pain                     Necr           #...         9%          1    None
 Blink                    Tloc           N/A          14%         2    None
 Call Imp                 Summ           #.......     14%         2    None
 Slow                     Hex            #.......     14%         2    None
 Inner Flame              Hex/Fire       ####....     4%          3    ##.....
 Mephitic Cloud           Conj/Pois/Air  ###.....     10%         3    ##.....
 Regeneration             Chrm/Necr      #.........   26%         3    ##.....
 Vampiric Draining        Necr           #.........   26%         3    ##.....
 Animate Dead             Necr           N/A          65%         4    ####...


Dungeon Overview and Level Annotations

Branches:
Dungeon (8/15)             Temple (1/1) D:5
   Lair: D:8-11

Altars:
Ashenzari
Cheibriados
Dithmenos
Elyvilon
Gozag
Hepliaklqana
Makhleb
Nemelex Xobeh
Okawaru
Qazlal
Ru
Sif Muna
Trog
Uskayaw
Vehumet
Wu Jian
Xom
Yredelemnul
Zin
The Shining One

Shops:
D:5 *


Message History

Unknown command.
Casting: Sticky Flame (safe; 3% risk of failure)
Confirm with . or Enter, or press ? or * to list all spells.
Okay, then.
Evoke which item? (* to show all) (? for menu, Esc to quit)
Aiming: Random Effects
Press: ? - help, Shift-Dir - straight line, f - two-headed ogre
Aim: a two-headed ogre, wielding two +0 giant clubs The bolt of poison hits the two-headed ogre!
The two-headed ogre is poisoned.
The two-headed ogre is lightly wounded.
The bolt of poison hits the gnoll!
The gnoll is poisoned.
You kill the gnoll!
A hungry ghost comes into view.
The two-headed ogre hits you with a +0 giant club!!
Ouch! That really hurt!
* * * LOW HITPOINT WARNING * * *
The two-headed ogre hits you with a +0 giant club!!
You die...
Your body crumbles into a pile of gold.

#.........#..# #.#
#.# ##.........W..
... #.#
##.....#....###..#
#.#
##...##.#.......#
#.#
##.###.#..####.#
#.# #.###.#..# #.#
#.# .........# #.#
#.#
#.#..####.####.#
#.#.@..........#
#.#O#####.######
#.....# #.#
#..$..###.##
#.....))...#
#####.....####.#
..........# .#
#.#####.### .# #
#.# .#


You could see a two-headed ogre and a hungry ghost (wandering).

Vanquished Creatures
  Grinder (D:6)
  A wyvern (D:6)
  A black bear (D:6)
  2 phantoms
  3 ogres
  Blork the orc (D:6)
  2 bullfrogs
  3 wights
  3 howler monkeys
  A crimson imp (D:6)
  3 bullfrog zombies
  A bullfrog skeleton (D:5)
  11 orc wizards
  5 orc priests
  2 hounds
  3 iguanas
  10 worker ants
  A hound skeleton (D:5)
  Robin (D:2)
  5 gnolls
  8 adders
  3 shadow imps
  An ooze (D:2)
  An adder zombie (D:7)
  3 worms (D:2)
  2 dart slugs (D:1)
  4 leopard geckos
  22 orcs
  7 bats
  5 giant cockroaches
  18 goblins
  16 hobgoblins
  2 jackals (D:1)
  9 kobolds
  2 quokkas
  A ball python (D:6)
  5 frilled lizards
  A jackal skeleton (D:7)
  A quokka skeleton (D:6)
  9 rats
180 creatures vanquished.

Vanquished Creatures (others)
  3 withered plants (D:8)
3 creatures vanquished.

Grand Total: 183 creatures vanquished

Notes
Turn   | Place    | Note
-------+----------+-------------------------------------------
     0 | D:1      | IBeShadow the Deep Elf Fire Elementalist began the quest
                  | for the Orb.
     0 | D:1      | Reached XP level 1. HP: 10/10 MP: 6/6
   192 | D:1      | Reached XP level 2. HP: 14/15 MP: 6/8
   425 | D:1      | Reached skill level 4 in Fire Magic
   739 | D:1      | Reached XP level 3. HP: 13/19 MP: 1/9
   828 | D:1      | Learned a level 2 spell: Throw Flame
   832 | D:1      | Learned a level 3 spell: Conjure Flame
  1295 | D:2      | Noticed Robin
  1632 | D:2      | Found an ornate altar of the Wu Jian Council.
  1770 | D:2      | Reached XP level 4. HP: 24/24 MP: 9/11
  1939 | D:2      | Killed Robin
  2758 | D:3      | Reached XP level 5. HP: 24/28 MP: 6/13
  3916 | D:4      | Learned a level 4 spell: Sticky Flame
  3996 | D:4      | Reached skill level 5 in Fire Magic
  4292 | D:4      | Reached skill level 1 in Fighting
  4313 | D:4      | Reached XP level 6. HP: 34/34 MP: 3/14
  5414 | D:5      | Entered Level 5 of the Dungeon
  5422 | D:5      | Found Ycuff's General Store.
  5427 | D:5      | Bought a potion of heal wounds for 70 gold pieces
  5448 | D:5      | Reached XP level 7. HP: 32/39 MP: 6/15
  5579 | D:5      | Found a staircase to the Ecumenical Temple.
  5603 | Temple   | Entered the Ecumenical Temple
  5809 | Temple   | Became a worshipper of Gozag Ym Sagoz the Greedy
  5846 | D:5      | Reached skill level 6 in Fire Magic
  5866 | D:5      | Found a sparkling altar of Nemelex Xobeh.
  5868 | D:5      | Found a deep blue altar of Sif Muna.
  6828 | D:5      | Found a sacrificial altar of Ru.
  6837 | D:5      | Found a glowing golden altar of the Shining One.
  6871 | D:5      | Reached skill level 5 in Conjurations
  6955 | D:6      | Noticed Blork the orc
  7046 | D:6      | Killed Blork the orc
  7082 | D:5      | Reached skill level 5 in Stealth
  7082 | D:5      | Reached XP level 8. HP: 45/45 MP: 0/16
  7293 | D:6      | Reached skill level 7 in Fire Magic
  8142 | D:6      | Noticed Grinder
  8156 | D:6      | Killed Grinder
  8283 | D:6      | Reached skill level 8 in Fire Magic
  8693 | D:6      | Found an iron altar of Okawaru.
  8693 | D:6      | Found a bloodstained altar of Trog.
  8701 | D:6      | Reached XP level 9. HP: 32/51 MP: 10/17
  9667 | D:7      | Learned a level 5 spell: Fireball
  9935 | D:8      | Reached skill level 1 in Short Blades
  9939 | D:8      | Noticed a two-headed ogre
  9957 | D:8      | HP: 2/52 [two-headed ogre/+0 giant club (32)]
  9957 | D:8      | Demolished by a two-headed ogre

Skill      XL: |  1  2  3  4  5  6  7  8  9 |
---------------+----------------------------+-----
Fire Magic     | 4 5 6 8 |  8.8
Conjurations   | 2 3 4 5 7 |  7.7
Spellcasting   | 4 |  4.8
Stealth        | 3 4 5 6 |  6.7
Fighting       | 1 2 3 |  3.7
Short Blades   | 1 |  1.1
Dodging        | |  2.6

Action                   |  1- 3 |  4- 6 |  7- 9 || total
-------------------------+-------+-------+-------++-------
Melee: Unarmed           |     4 |       |       ||     4
       Dagger            |    30 |    56 |   124 ||   210
 Cast: Flame Tongue      |    60 |   115 |    67 ||   242
       Throw Flame       |    11 |    12 |    30 ||    53
       Sticky Flame      |       |       |    23 ||    23
Evoke: Wand              |       |       |     1 ||     1
  Use: Scroll            |       |     6 |     6 ||    12
 Stab: Sleeping          |     1 |     5 |     8 ||    14
       Distracted        |       |       |     2 ||     2
  Eat: Chunk             |     3 |    11 |       ||    14
       Ration            |       |       |     5 ||     5
Armor: Robe              |    10 |     7 |    28 ||    45
Dodge: Dodged            |    38 |    67 |   108 ||   213
